Sewer Rats vs Mulligans

Created - May 7, 2017 at 19:37

Goals
1 2 3 T
Sewer Rats 0 2 2 4
Mulligans 0 2 3 5
Shots
1 2 3 T
Sewer Rats 11 18 9 38
Mulligans 12 13 15 40

1st period

No Goal

Penalties :
No Penalty

2nd period

1. Mulligans , Drayson Bowman 28 (Nick Bonino 48, Matt Donovan 37) at 4:08
2. Sewer Rats , Ville Leino 54 (Matt Lashoff 42) at 4:46
3. Sewer Rats , Ville Leino 55 (Mark Mancari 50, Mattias Ekholm 11) at 8:53 (SH)
4. Mulligans , Eric Tangradi 28 (Drayson Bowman 23) at 9:03 (PP)

Penalties :
Joel Edmundson (Tol) for Hooking (Minor) at 8:00, Chris Neil (Rep) for Interference (Minor) at 10:13, Mattias Ekholm (Tol) for Hooking (Minor) at 13:11

3rd period

5. Sewer Rats , Evan Brophey 3 (Dmitrij Jaskin 5) at 5:08
6. Mulligans , Nick Bonino 33 (Chris Neil 54, Thomas Hickey 27) at 6:35 (PP)
7. Mulligans , Chris Neil 41 (Nick Bonino 49, Cody Goloubef 13) at 7:44
8. Mulligans , Maxime Macenauer 21 (Matt Donovan 38) at 9:52 (SH)
9. Sewer Rats , Kyle Turris 20 (Mark Mancari 51, Matt Lashoff 43) at 10:02 (PP)

Penalties :
Mattias Ekholm (Tol) for Interference (Minor) at 5:30, Logan Shaw (Rep) for Slashing (Minor) at 9:38, Dmitrij Jaskin (Tol) for Hooking (Minor) at 10:50, Mark Mancari (Tol) for Holding (Minor) at 14:34, Matt Lashoff (Tol) for Holding (Minor) at 19:14

Goalie Stats

Richard Bachman (Tol), 35 saves from 40 shots - (0.875), L, 31-23-1, 60:00 minutes
Calvin Pickard (Rep), 34 saves from 38 shots - (0.895), W, 15-13-1, 60:00 minutes

Players Stats for Sewer Rats

Player Name              G  A  P  +/- PIM S  H  SB GA TA FO     MP     PP MP  PK MP  
------------------------------------------------------------------------------------
Daniel Carr              0  0  0   0  0   0  0  0  0  0  0/0     2:16   0:00   1:56 
Derek Dorsett            0  0  0  -1  0   3  2  0  1  0  0/1    15:39   0:25   0:00 
Dmitrij Jaskin           0  1  1   1  2   0  2  0  0  0  1/1    10:40   0:00   0:00 
Evan Brophey             1  0  1   1  0   3  0  0  0  0  4/7    10:40   0:00   0:00 
Joel Edmundson           0  0  0   0  2   0  0  1  0  1  0/0    19:01   0:27   2:56 
John Lammers             0  0  0   0  0   1  0  0  0  0  0/0     7:24   0:00   1:08 
John Ramage              0  0  0   0  0   0  1  0  0  0  0/0    11:02   0:00   0:05 
Jonathan Marchessault    0  0  0  -1  0   0  0  0  0  0  6/16   15:39   0:25   0:00 
Kyle Turris              1  0  1  -1  0   3  3  0  0  0  10/32  19:18   1:58   1:43 
Mark Mancari             0  2  2   0  2   1  1  1  1  0  2/5    22:31   1:58   4:29 
Matt Lashoff             0  2  2   0  2   5  1  2  0  0  0/0    29:17   1:56   5:11 
Mattias Ekholm           0  1  1   0  4   1  4  1  0  1  0/0    28:12   1:56   4:02 
Patrick Bordeleau        0  0  0   0  0   0  1  0  0  0  0/0     1:06   0:00   0:00 
Ryan Murphy              0  0  0   0  0   0  0  0  0  0  0/0    13:34   0:00   2:37 
Steven Kampfer           0  0  0   0  0   1  0  1  1  1  0/0    18:55   0:27   2:49 
Tom Sestito              0  0  0   0  0   0  0  0  0  0  0/0     0:19   0:00   0:00 
Ville Leino              2  0  2   0  0   13 4  1  0  0  7/15   28:51   1:58   5:45 
Vincent Trocheck         0  0  0   0  0   0  0  0  0  0  0/1     7:42   0:00   0:46 
Vojtech Polak            0  0  0   1  0   3  3  0  0  0  0/2    11:28   0:00   0:07 
William Karlsson         0  0  0   0  0   0  0  0  0  0  0/0     0:03   0:00   0:03 
Zach Boychuk             0  0  0  -1  0   4  0  0  1  0  2/3    17:27   0:25   1:43 

Players Stats for Mulligans

Player Name              G  A  P  +/- PIM S  H  SB GA TA FO     MP     PP MP  PK MP  
------------------------------------------------------------------------------------
Anton Lander             0  0  0  -2  0   2  0  0  0  1  17/26  17:52   4:06   0:11 
Chris Neil               1  1  2   3  2   3  4  0  0  0  2/3    20:52   4:44   0:24 
Cody Goloubef            0  1  1   1  0   3  0  1  0  0  0/0     9:15   0:00   0:24 
Darren Dietz             0  0  0   1  0   0  0  1  0  0  0/0     8:32   0:00   0:00 
Drayson Bowman           1  1  2   2  0   4  1  0  0  0  1/2    19:42   4:44   0:00 
Eric Tangradi            1  0  1  -2  0   3  1  1  1  2  0/0    18:09   4:06   0:04 
Gord Baldwin             0  0  0   2  0   1  0  1  0  0  0/0    12:46   0:00   1:59 
Jonathan Tremblay        0  0  0  -2  0   3  1  0  0  0  0/1    17:46   4:06   0:00 
Joonas Donskoi           0  0  0   0  0   0  2  0  0  0  1/3    12:04   0:00   0:00 
Logan Shaw               0  0  0  -1  2   2  1  0  0  0  0/1     8:02   0:00   0:00 
Matt Beleskey            0  0  0   0  0   2  2  1  1  0  0/0    11:48   0:00   0:00 
Matt Donovan             0  2  2   2  0   3  0  3  0  0  0/0    12:46   0:00   1:59 
Matt Niskanen            0  0  0  -1  0   1  1  0  0  0  0/0    17:47   2:47   0:00 
Matt Taormina            0  0  0  -2  0   2  0  2  0  0  0/0    21:18   6:03   0:24 
Maxime Macenauer         1  0  1   1  0   1  2  1  0  0  11/18  13:58   0:00   2:03 
Michael Del Zotto        0  0  0  -2  0   1  0  2  0  1  0/0    20:12   6:03   0:00 
Nick Bonino              1  2  3   2  0   8  3  0  1  0  16/23  21:10   4:44   1:28 
Sven Baertschi           0  0  0  -1  0   1  1  0  0  0  1/1     8:38   0:00   0:36 
Thomas Hickey            0  1  1  -1  0   0  1  2  0  0  0/0    17:24   2:47   0:00 
Tim Schaller             0  0  0  -1  0   0  2  2  0  0  2/5     7:34   0:00   0:00 

3 Stars

1 - Nick Bonino (Rep)
2 - Ville Leino (Tol)
3 - Chris Neil (Rep)

Power Play

Sewer Rats - 1 on 2 Attempt(s) - 50.00%
Mulligans - 2 on 6 Attempt(s) - 33.33%

Penalty Kill

Sewer Rats - 4 on 6 Attempt(s) - 66.67% - Score 1 goal in Penalty Kill
Mulligans - 1 on 2 Attempt(s) - 50.00% - Score 1 goal in Penalty Kill

Team Stat

Sewer Rats - Hits : 22 - Faceoff Wins : 32 - Blocked Shots : 7 - Penalty Minutes : 12
Mulligans - Hits : 22 - Faceoff Wins : 51 - Blocked Shots : 17 - Penalty Minutes : 4

Official

Referees : McCauley Wes and Pochmara Brian
Linesman : Don Henderson and Darren Gibbs

Game Notes

No Game Note

Finance

Level 1 -- Attendance: 1660 (83.00%) -- Ticket Income $33,200
Level 2 -- Attendance: 728 (72.80%) -- Ticket Income $5,096
Total Attendance: 2388 (79.60%)
Total Ticket Income: $38,296
Other Income: $1,915
Total Income: $40,211

Sewer Rats

5 vs 5 Forward 
   Center                   Left Wing                Right Wing               Time % Phy DF OF 
 1 Kyle Turris              Ville Leino              Mark Mancari             40     1   2  2  
 2 Jonathan Marchessault    Zach Boychuk             Derek Dorsett            30     1   2  2  
 3 Evan Brophey             Vojtech Polak            Dmitrij Jaskin           20     1   2  2  
 4 Vincent Trocheck         John Lammers             Ville Leino              10     1   2  2  

5 vs 5 Defense 
   Defense                  Defense                                           Time % Phy DF OF 
 1 Matt Lashoff             Mattias Ekholm                                    40     1   2  2  
 2 Steven Kampfer           Joel Edmundson                                    30     1   2  2  
 3 John Ramage              Ryan Murphy                                       20     1   2  2  
 4 Matt Lashoff             Mattias Ekholm                                    10     1   2  2  

PowerPlay Forward 
   Center                   Left Wing                Right Wing               Time % Phy DF OF 
 1 Kyle Turris              Ville Leino              Mark Mancari             60     1   2  2  
 2 Jonathan Marchessault    Zach Boychuk             Derek Dorsett            40     1   2  2  

PowerPlay Defense
   Defense                  Defense                                           Time % Phy DF OF 
 1 Matt Lashoff             Mattias Ekholm                                    60     1   2  2  
 2 Steven Kampfer           Joel Edmundson                                    40     1   2  2  

Penalty Kill 4 Players Forward 
   Center                   Wing                     Time % Phy DF OF 
 1 Ville Leino              Mark Mancari             60     1   2  2  
 2 Zach Boychuk             Kyle Turris              40     1   2  2  

Penalty Kill 4 Players Defense
   Defense                  Defense                  Time % Phy DF OF 
 1 Matt Lashoff             Mattias Ekholm           60     1   2  2  
 2 Steven Kampfer           Joel Edmundson           40     1   2  2  

Penalty Kill - 3 Players Forward 
   Forward                                           Time % Phy DF OF 
 1 Ville Leino                                       60     1   2  2  
 2 Mark Mancari                                      40     1   2  2  

Penalty Kill - 3 Players Defense
   Defense                  Defense                  Time % Phy DF OF 
 1 Matt Lashoff             Mattias Ekholm           60     1   2  2  
 2 Steven Kampfer           Joel Edmundson           40     1   2  2  

4 vs 4 Forward 
   Center                   Wing                     Time % Phy DF OF 
 1 Ville Leino              Mark Mancari             60     1   2  2  
 2 Zach Boychuk             Kyle Turris              40     1   2  2  

4 vs 4 Defense
   Defense                  Defense                  Time % Phy DF OF 
 1 Matt Lashoff             Mattias Ekholm           60     1   2  2  
 2 Steven Kampfer           Joel Edmundson           40     1   2  2  

Last Minutes Offensive
   Center                   Left Wing                Right Wing               Defense                  Defense                  
   Kyle Turris              Ville Leino              Mark Mancari             Matt Lashoff             Mattias Ekholm           

Last Minutes Defensive
   Center                   Left Wing                Right Wing               Defense                  Defense                  
   Kyle Turris              Ville Leino              Mark Mancari             Matt Lashoff             Mattias Ekholm           

Goaltenders
Starting : Richard Bachman          
Backup : Brad Thiessen            

Extra Forwards
Normal : Patrick Bordeleau, Tom Sestito, Daniel Carr - PP : Patrick Bordeleau, Tom Sestito - PK : Daniel Carr
Extra Defensemen
Normal : John Ramage, Ryan Murphy, Steven Kampfer - PP : John Ramage - PK : Ryan Murphy, Steven Kampfer
Penalty Shots
Ville Leino, Mark Mancari, Zach Boychuk, Kyle Turris, Vojtech Polak

Scratches
Nick Cousins (Herniated Disc Injury), Jared Boll (Healthy), Kyle Quincey (Broken Ribs Injury), Josh Archibald (Healthy), Jarred Tinordi (Sprained Right Ankle Injury)
Xavier Ouellet (Healthy), Jonathan Racine (Healthy)

Mulligans

5 vs 5 Forward 
   Center                   Left Wing                Right Wing               Time % Phy DF OF 
 1 Nick Bonino              Drayson Bowman           Chris Neil               32     0   2  3  
 2 Anton Lander             Eric Tangradi            Jonathan Tremblay        28     1   2  2  
 3 Maxime Macenauer         Matt Beleskey            Joonas Donskoi           24     0   2  3  
 4 Tim Schaller             Sven Baertschi           Logan Shaw               16     1   2  2  

5 vs 5 Defense 
   Defense                  Defense                                           Time % Phy DF OF 
 1 Matt Taormina            Michael Del Zotto                                 30     1   2  2  
 2 Thomas Hickey            Matt Niskanen                                     30     1   2  2  
 3 Gord Baldwin             Matt Donovan                                      22     1   2  2  
 4 Darren Dietz             Cody Goloubef                                     18     1   3  1  

PowerPlay Forward 
   Center                   Left Wing                Right Wing               Time % Phy DF OF 
 1 Nick Bonino              Drayson Bowman           Chris Neil               60     0   1  4  
 2 Anton Lander             Eric Tangradi            Jonathan Tremblay        40     0   1  4  

PowerPlay Defense
   Defense                  Defense                                           Time % Phy DF OF 
 1 Matt Taormina            Michael Del Zotto                                 55     0   2  3  
 2 Thomas Hickey            Matt Niskanen                                     45     0   2  3  

Penalty Kill 4 Players Forward 
   Center                   Wing                     Time % Phy DF OF 
 1 Maxime Macenauer         Chris Neil               60     0   4  1  
 2 Anton Lander             Jonathan Tremblay        40     0   4  1  

Penalty Kill 4 Players Defense
   Defense                  Defense                  Time % Phy DF OF 
 1 Matt Donovan             Gord Baldwin             60     1   4  0  
 2 Matt Taormina            Cody Goloubef            40     1   4  0  

Penalty Kill - 3 Players Forward 
   Forward                                           Time % Phy DF OF 
 1 Maxime Macenauer                                  60     1   4  0  
 2 Anton Lander                                      40     1   4  0  

Penalty Kill - 3 Players Defense
   Defense                  Defense                  Time % Phy DF OF 
 1 Matt Donovan             Gord Baldwin             60     1   4  0  
 2 Cody Goloubef            Matt Taormina            40     1   4  0  

4 vs 4 Forward 
   Center                   Wing                     Time % Phy DF OF 
 1 Nick Bonino              Drayson Bowman           60     0   2  3  
 2 Anton Lander             Eric Tangradi            40     1   2  2  

4 vs 4 Defense
   Defense                  Defense                  Time % Phy DF OF 
 1 Matt Taormina            Michael Del Zotto        60     1   2  2  
 2 Thomas Hickey            Matt Niskanen            40     1   2  2  

Last Minutes Offensive
   Center                   Left Wing                Right Wing               Defense                  Defense                  
   Nick Bonino              Drayson Bowman           Chris Neil               Matt Taormina            Michael Del Zotto        

Last Minutes Defensive
   Center                   Left Wing                Right Wing               Defense                  Defense                  
   Anton Lander             Eric Tangradi            Jonathan Tremblay        Matt Niskanen            Matt Taormina            

Goaltenders
Starting : Calvin Pickard           
Backup : Anders Lindback          

Extra Forwards
Normal : Logan Shaw, Matt Beleskey, Joonas Donskoi - PP : Maxime Macenauer, Matt Beleskey - PK : Nick Bonino
Extra Defensemen
Normal : Cody Goloubef, Matt Donovan, Gord Baldwin - PP : Matt Donovan - PK : Thomas Hickey, Matt Niskanen
Penalty Shots
Chris Neil, Maxime Macenauer, Nick Bonino, Matt Taormina, Matt Beleskey

Scratches
Denis Arkhipov (Healthy), Reid Boucher (Healthy), Michael Chaput (Healthy), Jan Hlavac (Healthy), Nick Shore (Healthy)
Oliver Lauridsen (Healthy), Justin Shugg (Healthy), Mario Lucia (Healthy), Adam Lowry (Healthy), Austin Madaisky (Healthy)
Cade Fairchild (Healthy), Matt Bartkowski (Healthy), Igor Bobkov (Healthy)

% Time on Ice - Sewer Rats

Lines # - Real PCT - Wanted PCT - Time Play
Normal Forward
1 - 33% - 40% - 15:46
2 - 32% - 30% - 15:38
3 - 22% - 20% - 10:40
4 - 13% - 10% - 6:15
Normal Defense
1 - 40% - 40% - 19:31
2 - 32% - 30% - 15:39
3 - 22% - 20% - 10:25
4 - 6% - 10% - 2:44
PP Forward
1 - 83% - 60% - 1:58
2 - 17% - 40% - 0:25
PP Defense
1 - 81% - 60% - 1:56
2 - 19% - 40% - 0:27
PK Forward
1 - 81% - 60% - 7:07
2 - 19% - 40% - 1:43
PK Defense
1 - 68% - 60% - 6:01
2 - 32% - 40% - 2:49
PK3 Forward
1 - 0% - 60%
2 - 0% - 40%
PK3 Defense
1 - 0% - 60%
2 - 0% - 40%
44 Forward
1 - 0% - 60%
2 - 0% - 40%
44 Defense
1 - 0% - 60%
2 - 0% - 40%
Last Minute Offensive  - 0:28
Last Minute Defensive  - 0:00
Total
Forward - 60:00
Defense - 60:00

% Time on Ice - Mulligans

Lines # - Real PCT - Wanted PCT - Time Play
Normal Forward
1 - 32% - 32% - 15:17
2 - 29% - 28% - 13:52
3 - 24% - 24% - 11:36
4 - 16% - 16% - 7:34
Normal Defense
1 - 29% - 30% - 14:09
2 - 31% - 30% - 14:56
3 - 22% - 22% - 10:42
4 - 18% - 18% - 8:32
PP Forward
1 - 54% - 60% - 4:44
2 - 46% - 40% - 4:06
PP Defense
1 - 68% - 55% - 6:03
2 - 32% - 45% - 2:47
PK Forward
1 - 100% - 60% - 2:23
2 - 0% - 40% - 0:00
PK Defense
1 - 83% - 60% - 1:59
2 - 17% - 40% - 0:24
PK3 Forward
1 - 0% - 60%
2 - 0% - 40%
PK3 Defense
1 - 0% - 60%
2 - 0% - 40%
44 Forward
1 - 0% - 60%
2 - 0% - 40%
44 Defense
1 - 0% - 60%
2 - 0% - 40%
Last Minute Offensive  - 0:00
Last Minute Defensive  - 0:28
Total
Forward - 60:00
Defense - 60:00

Play by Play

1st period


0:01 of 1st period - Nick Bonino wins face-off versus Kyle Turris in neutral zone.
0:04 of 1st period - Ville Leino is hit by Nick Bonino and loses puck.
0:13 of 1st period - Wrist shot by Drayson Bowman.
0:13 of 1st period - Shot Misses the Net.
0:15 of 1st period - Wrist shot by Drayson Bowman.
0:15 of 1st period - Shot Misses the Net.
0:32 of 1st period - Snap shot by Ville Leino.
0:32 of 1st period - Shot Misses the Net.
0:37 of 1st period - Slapshot by Kyle Turris.
0:37 of 1st period - Shot Misses the Net.
0:39 of 1st period - Snap shot by Ville Leino.
0:39 of 1st period - Deflect By Kyle Turris.
0:39 of 1st period - Shot Misses the Net.
0:39 of 1st period - Puck is out of play.
0:40 of 1st period - Anton Lander wins face-off versus Jonathan Marchessault in Mulligans zone.
0:53 of 1st period - Slapshot by Matt Niskanen.
0:53 of 1st period - Stopped by Richard Bachman without a rebound.
0:54 of 1st period - Dmitrij Jaskin wins face-off versus Tim Schaller in Sewer Rats zone.
1:01 of 1st period - Snap shot by Matt Lashoff.
1:01 of 1st period - Stopped by Calvin Pickard without a rebound.
1:02 of 1st period - Evan Brophey wins face-off versus Tim Schaller in Mulligans zone.
1:20 of 1st period - Slapshot by Matt Lashoff.
1:20 of 1st period - Shot Misses the Net.
1:22 of 1st period - Slapshot by Matt Lashoff.
1:22 of 1st period - Stopped by Calvin Pickard without a rebound.
1:23 of 1st period - Jonathan Marchessault wins face-off versus Nick Bonino in Mulligans zone.
1:24 of 1st period - Slapshot by Zach Boychuk.
1:24 of 1st period - Shot Misses the Net.
1:30 of 1st period - Wrist shot by Zach Boychuk.
1:30 of 1st period - Stopped by Calvin Pickard with a rebound.
1:38 of 1st period - Jonathan Marchessault is hit by Drayson Bowman and loses puck.
2:17 of 1st period - Slapshot by Steven Kampfer.
2:17 of 1st period - Shot Blocked by Thomas Hickey.
2:57 of 1st period - Wrist shot by Nick Bonino.
2:57 of 1st period - Stopped by Richard Bachman without a rebound.
2:58 of 1st period - Kyle Turris wins face-off versus Anton Lander in Sewer Rats zone.
3:43 of 1st period - Off-side.
3:44 of 1st period - Maxime Macenauer wins face-off versus Evan Brophey in neutral zone.
3:51 of 1st period - Snap shot by Matt Donovan.
3:51 of 1st period - Stopped by Richard Bachman with a rebound.
3:53 of 1st period - Wrist shot by Maxime Macenauer.
3:53 of 1st period - Shot Misses the Net.
3:55 of 1st period - Slapshot by Matt Donovan.
3:55 of 1st period - Stopped by Richard Bachman with a rebound.
3:57 of 1st period - Wrist shot by Matt Donovan.
3:57 of 1st period - Deflect By Matt Beleskey.
3:57 of 1st period - Stopped by Richard Bachman with a rebound.
3:59 of 1st period - Slapshot by Gord Baldwin.
3:59 of 1st period - Stopped by Richard Bachman with a rebound.
4:01 of 1st period - Slapshot by Matt Donovan.
4:01 of 1st period - Shot Blocked by Matt Lashoff.
4:03 of 1st period - Snap shot by Maxime Macenauer.
4:03 of 1st period - Deflect By Matt Lashoff.
4:03 of 1st period - Shot Misses the Net.
4:03 of 1st period - Puck is out of play.
4:04 of 1st period - Anton Lander wins face-off versus Mark Mancari in Sewer Rats zone.
4:53 of 1st period - Wrist shot by Matt Beleskey.
4:53 of 1st period - Shot Misses the Net.
5:21 of 1st period - Snap shot by Ville Leino.
5:21 of 1st period - Stopped by Calvin Pickard with a rebound.
5:31 of 1st period - Zach Boychuk is hit by Eric Tangradi and loses puck.
5:44 of 1st period - Slapshot by Anton Lander.
5:44 of 1st period - Stopped by Richard Bachman with a rebound.
5:56 of 1st period - Slapshot by Steven Kampfer.
5:56 of 1st period - Deflect By Vincent Trocheck.
5:56 of 1st period - Shot Hit the Post.
5:56 of 1st period - Puck is out of play.
5:57 of 1st period - Nick Bonino wins face-off versus Vincent Trocheck in Mulligans zone.
5:57 of 1st period - Nick Bonino is hit by Ville Leino.
6:35 of 1st period - Snap shot by Ville Leino.
6:35 of 1st period - Stopped by Calvin Pickard with a rebound.
6:43 of 1st period - Slapshot by John Lammers.
6:43 of 1st period - Stopped by Calvin Pickard without a rebound.
6:44 of 1st period - Anton Lander wins face-off versus Jonathan Marchessault in Mulligans zone.
7:30 of 1st period - Snap shot by Mark Mancari.
7:30 of 1st period - Shot Misses the Net.
8:14 of 1st period - Gord Baldwin is hit by John Ramage and loses puck.
8:29 of 1st period - Maxime Macenauer is hit by Derek Dorsett and loses puck.
8:42 of 1st period - Matt Lashoff is hit by Thomas Hickey and loses puck.
11:08 of 1st period - Snap shot by John Lammers.
11:08 of 1st period - Shot Misses the Net.
11:10 of 1st period - Slapshot by John Ramage.
11:10 of 1st period - Shot Blocked by Tim Schaller.
11:12 of 1st period - Snap shot by Ville Leino.
11:12 of 1st period - Shot Misses the Net.
11:36 of 1st period - Ville Leino is hit by Tim Schaller and loses puck.
11:53 of 1st period - Slapshot by Ville Leino.
11:53 of 1st period - Shot Blocked by Cody Goloubef.
11:55 of 1st period - Backhand shot by Ryan Murphy.
11:55 of 1st period - Deflect By Ville Leino.
11:55 of 1st period - Stopped by Calvin Pickard with a rebound.
11:57 of 1st period - Slapshot by John Lammers.
11:57 of 1st period - Shot Misses the Net.
11:59 of 1st period - Wrist shot by Ryan Murphy.
11:59 of 1st period - Deflect By Ville Leino.
11:59 of 1st period - Shot Blocked by Darren Dietz.
11:59 of 1st period - Puck is out of play.
12:00 of 1st period - Chris Neil wins face-off versus Jonathan Marchessault in Mulligans zone.
12:09 of 1st period - Snap shot by Nick Bonino.
12:09 of 1st period - Stopped by Richard Bachman without a rebound.
12:10 of 1st period - Nick Bonino wins face-off versus Jonathan Marchessault in Sewer Rats zone.
12:19 of 1st period - Slapshot by Derek Dorsett.
12:19 of 1st period - Shot Blocked by Matt Taormina.
12:21 of 1st period - Wrist shot by Zach Boychuk.
12:21 of 1st period - Stopped by Calvin Pickard with a rebound.
12:23 of 1st period - Snap shot by Derek Dorsett.
12:23 of 1st period - Shot Misses the Net.
12:25 of 1st period - Snap shot by Zach Boychuk.
12:25 of 1st period - Stopped by Calvin Pickard with a rebound.
12:27 of 1st period - Slapshot by Mattias Ekholm.
12:27 of 1st period - Shot Misses the Net.
12:29 of 1st period - Slapshot by Derek Dorsett.
12:29 of 1st period - Stopped by Calvin Pickard without a rebound.
12:30 of 1st period - Anton Lander wins face-off versus Vojtech Polak in Mulligans zone.
12:30 of 1st period - Anton Lander is hit by Vojtech Polak.
13:58 of 1st period - Slapshot by Jonathan Tremblay.
13:58 of 1st period - Stopped by Richard Bachman without a rebound.
13:59 of 1st period - Maxime Macenauer wins face-off versus Evan Brophey in Sewer Rats zone.
14:12 of 1st period - Slapshot by Vojtech Polak.
14:12 of 1st period - Shot Misses the Net.
14:14 of 1st period - Wrist shot by Evan Brophey.
14:14 of 1st period - Stopped by Calvin Pickard with a rebound.
15:05 of 1st period - Snap shot by Chris Neil.
15:05 of 1st period - Shot Hit the Post.
15:07 of 1st period - Snap shot by Chris Neil.
15:07 of 1st period - Deflect By Nick Bonino.
15:07 of 1st period - Shot Misses the Net.
15:07 of 1st period - Puck is out of play.
15:08 of 1st period - Anton Lander wins face-off versus Derek Dorsett in Sewer Rats zone.
16:29 of 1st period - Chris Neil is hit by Dmitrij Jaskin.
16:55 of 1st period - Dmitrij Jaskin is hit by Sven Baertschi and loses puck.
16:59 of 1st period - Icing by Dmitrij Jaskin.
17:00 of 1st period - Evan Brophey wins face-off versus Logan Shaw in Sewer Rats zone.
17:05 of 1st period - Snap shot by Vojtech Polak.
17:05 of 1st period - Shot Blocked by Tim Schaller.
17:10 of 1st period - Off-side.
17:11 of 1st period - Anton Lander wins face-off versus Kyle Turris in neutral zone.
17:31 of 1st period - Jonathan Tremblay is hit by Ville Leino and loses puck.
18:02 of 1st period - Snap shot by Vojtech Polak.
18:02 of 1st period - Shot Misses the Net.
18:30 of 1st period - Snap shot by Nick Bonino.
18:30 of 1st period - Stopped by Richard Bachman with a rebound.
18:32 of 1st period - Wrist shot by Drayson Bowman.
18:32 of 1st period - Deflect By Chris Neil.
18:32 of 1st period - Stopped by Richard Bachman with a rebound.
18:34 of 1st period - Backhand shot by Nick Bonino.
18:34 of 1st period - Shot Blocked by Steven Kampfer.
18:36 of 1st period - Wrist shot by Michael Del Zotto.
18:36 of 1st period - Deflect By Drayson Bowman.
18:36 of 1st period - Stopped by Richard Bachman without a rebound.
18:37 of 1st period - Anton Lander wins face-off versus Kyle Turris in Sewer Rats zone.
19:26 of 1st period - Logan Shaw is hit by Mattias Ekholm and loses puck.
19:59 of 1st period - Jonathan Tremblay is hit by Mark Mancari and loses puck.
Goals for this period are 0 for Sewer Rats vs 0 for Mulligans.
Shots for this period are 11 for Sewer Rats vs 12 for Mulligans.

2nd period


0:01 of 2nd period - Kyle Turris wins face-off versus Drayson Bowman in neutral zone.
0:04 of 2nd period - Nick Bonino is hit by Mattias Ekholm and loses puck.
0:29 of 2nd period - Off-side.
0:30 of 2nd period - Kyle Turris wins face-off versus Anton Lander in neutral zone.
0:35 of 2nd period - Slapshot by Ville Leino.
0:35 of 2nd period - Stopped by Calvin Pickard with a rebound.
0:43 of 2nd period - Snap shot by Jonathan Tremblay.
0:43 of 2nd period - Stopped by Richard Bachman with a rebound.
1:21 of 2nd period - Snap shot by Vojtech Polak.
1:21 of 2nd period - Stopped by Calvin Pickard without a rebound.
1:22 of 2nd period - Nick Bonino wins face-off versus Vojtech Polak in Mulligans zone.
1:38 of 2nd period - Wrist shot by Vojtech Polak.
1:38 of 2nd period - Stopped by Calvin Pickard without a rebound.
1:39 of 2nd period - Maxime Macenauer wins face-off versus Mark Mancari in Mulligans zone.
1:44 of 2nd period - Matt Lashoff is hit by Matt Beleskey and loses puck.
1:49 of 2nd period - Wrist shot by Matt Beleskey.
1:49 of 2nd period - Deflect By Kyle Turris.
1:49 of 2nd period - Stopped by Richard Bachman without a rebound.
1:50 of 2nd period - Anton Lander wins face-off versus Kyle Turris in Sewer Rats zone.
2:42 of 2nd period - Snap shot by Matt Beleskey.
2:42 of 2nd period - Shot Misses the Net.
3:31 of 2nd period - Off-side.
3:32 of 2nd period - Jonathan Marchessault wins face-off versus Nick Bonino in neutral zone.
3:36 of 2nd period - Off-side.
3:37 of 2nd period - Nick Bonino wins face-off versus Kyle Turris in neutral zone.
3:58 of 2nd period - Slapshot by Nick Bonino.
3:58 of 2nd period - Shot Misses the Net.
4:00 of 2nd period - Wrist shot by Chris Neil.
4:00 of 2nd period - Shot Misses the Net.
4:02 of 2nd period - Wrist shot by Chris Neil.
4:02 of 2nd period - Shot Misses the Net.
4:04 of 2nd period - Snap shot by Matt Donovan.
4:04 of 2nd period - Shot Misses the Net.
4:06 of 2nd period - Snap shot by Nick Bonino.
4:06 of 2nd period - Stopped by Richard Bachman with a rebound.
4:08 of 2nd period - Wrist shot by Drayson Bowman.
4:08 of 2nd period - Goal by Drayson Bowman - Sewer Rats : 0 - Mulligans : 1.
4:09 of 2nd period - Jonathan Marchessault wins face-off versus Maxime Macenauer in neutral zone.
4:14 of 2nd period - Slapshot by Mattias Ekholm.
4:14 of 2nd period - Stopped by Calvin Pickard without a rebound.
4:15 of 2nd period - Jonathan Marchessault wins face-off versus Maxime Macenauer in Mulligans zone.
4:46 of 2nd period - Slapshot by Ville Leino.
4:46 of 2nd period - Goal by Ville Leino - Sewer Rats : 1 - Mulligans : 1.
4:47 of 2nd period - Kyle Turris wins face-off versus Anton Lander in neutral zone.
5:13 of 2nd period - Matt Lashoff is hit by Matt Beleskey and loses puck.
5:36 of 2nd period - Vojtech Polak is hit by Chris Neil and loses puck.
5:56 of 2nd period - Icing by Joel Edmundson.
5:57 of 2nd period - Tim Schaller wins face-off versus Kyle Turris in Sewer Rats zone.
6:00 of 2nd period - Snap shot by Tim Schaller.
6:00 of 2nd period - Shot Blocked by Mark Mancari.
6:08 of 2nd period - Wrist shot by Logan Shaw.
6:08 of 2nd period - Stopped by Richard Bachman without a rebound.
6:09 of 2nd period - Anton Lander wins face-off versus Kyle Turris in Sewer Rats zone.
6:10 of 2nd period - Snap shot by Eric Tangradi.
6:10 of 2nd period - Stopped by Richard Bachman with a rebound.
6:14 of 2nd period - Snap shot by Eric Tangradi.
6:14 of 2nd period - Shot Misses the Net.
6:16 of 2nd period - Slapshot by Cody Goloubef.
6:16 of 2nd period - Stopped by Richard Bachman with a rebound.
6:18 of 2nd period - Slapshot by Cody Goloubef.
6:18 of 2nd period - Deflect By Mark Mancari.
6:18 of 2nd period - Stopped by Richard Bachman without a rebound.
6:19 of 2nd period - Anton Lander wins face-off versus Kyle Turris in Sewer Rats zone.
6:24 of 2nd period - Wrist shot by Eric Tangradi.
6:24 of 2nd period - Shot Misses the Net.
6:26 of 2nd period - Wrist shot by Jonathan Tremblay.
6:26 of 2nd period - Stopped by Richard Bachman without a rebound.
6:27 of 2nd period - Nick Bonino wins face-off versus Kyle Turris in Sewer Rats zone.
6:38 of 2nd period - Nick Bonino is hit by Mattias Ekholm and loses puck.
6:59 of 2nd period - Snap shot by Jonathan Marchessault.
6:59 of 2nd period - Shot Misses the Net.
7:01 of 2nd period - Snap shot by Jonathan Marchessault.
7:01 of 2nd period - Shot Misses the Net.
7:03 of 2nd period - Slapshot by Mattias Ekholm.
7:03 of 2nd period - Deflect By Zach Boychuk.
7:03 of 2nd period - Shot Misses the Net.
7:03 of 2nd period - Puck is out of play.
7:04 of 2nd period - Kyle Turris wins face-off versus Joonas Donskoi in Mulligans zone.
7:35 of 2nd period - Off-side.
7:36 of 2nd period - Drayson Bowman wins face-off versus Jonathan Marchessault in neutral zone.
8:00 of 2nd period - Minor Penalty to Joel Edmundson for Hooking.
8:01 of 2nd period - Ville Leino wins face-off versus Nick Bonino in Sewer Rats zone.
8:16 of 2nd period - Wrist shot by Mark Mancari.
8:16 of 2nd period - Shot Misses the Net.
8:22 of 2nd period - Mattias Ekholm is hit by Chris Neil and loses puck.
8:33 of 2nd period - Snap shot by Eric Tangradi.
8:33 of 2nd period - Shot Blocked by Mattias Ekholm.
8:49 of 2nd period - Snap shot by Ville Leino.
8:49 of 2nd period - Shot Blocked by Matt Taormina.
8:51 of 2nd period - Backhand shot by Mattias Ekholm.
8:51 of 2nd period - Deflect By Mark Mancari.
8:51 of 2nd period - Stopped by Calvin Pickard with a rebound.
8:53 of 2nd period - Wrist shot by Ville Leino.
8:53 of 2nd period - Goal by Ville Leino - Sewer Rats : 2 - Mulligans : 1.
8:54 of 2nd period - Ville Leino wins face-off versus Nick Bonino in neutral zone.
9:03 of 2nd period - Snap shot by Eric Tangradi.
9:03 of 2nd period - Goal by Eric Tangradi - Sewer Rats : 2 - Mulligans : 2.
9:04 of 2nd period - Kyle Turris wins face-off versus Anton Lander in neutral zone.
9:12 of 2nd period - Slapshot by Mark Mancari.
9:12 of 2nd period - Deflect By Ville Leino.
9:12 of 2nd period - Shot Blocked by Thomas Hickey.
9:12 of 2nd period - Puck is out of play.
9:13 of 2nd period - Kyle Turris wins face-off versus Anton Lander in Mulligans zone.
9:18 of 2nd period - Snap shot by Ville Leino.
9:18 of 2nd period - Shot Blocked by Eric Tangradi.
9:28 of 2nd period - Wrist shot by Ville Leino.
9:28 of 2nd period - Stopped by Calvin Pickard with a rebound.
9:30 of 2nd period - Wrist shot by Ville Leino.
9:30 of 2nd period - Stopped by Calvin Pickard without a rebound.
9:31 of 2nd period - Jonathan Marchessault wins face-off versus Maxime Macenauer in Mulligans zone.
9:36 of 2nd period - Snap shot by Matt Lashoff.
9:36 of 2nd period - Stopped by Calvin Pickard with a rebound.
9:38 of 2nd period - Snap shot by Derek Dorsett.
9:38 of 2nd period - Stopped by Calvin Pickard with a rebound.
9:46 of 2nd period - Derek Dorsett is hit by Joonas Donskoi.
10:13 of 2nd period - Minor Penalty to Chris Neil for Interference.
10:14 of 2nd period - Kyle Turris wins face-off versus Maxime Macenauer in Mulligans zone.
10:17 of 2nd period - Wrist shot by Ville Leino.
10:17 of 2nd period - Shot Blocked by Gord Baldwin.
10:19 of 2nd period - Slapshot by Mattias Ekholm.
10:19 of 2nd period - Shot Blocked by Matt Donovan.
10:21 of 2nd period - Snap shot by Ville Leino.
10:21 of 2nd period - Stopped by Calvin Pickard without a rebound.
10:22 of 2nd period - Maxime Macenauer wins face-off versus Kyle Turris in Mulligans zone.
10:28 of 2nd period - Icing by Mattias Ekholm.
10:29 of 2nd period - Maxime Macenauer wins face-off versus Ville Leino in Sewer Rats zone.
10:43 of 2nd period - Slapshot by Mattias Ekholm.
10:43 of 2nd period - Shot Misses the Net.
10:45 of 2nd period - Slapshot by Matt Lashoff.
10:45 of 2nd period - Stopped by Calvin Pickard without a rebound.
10:46 of 2nd period - Kyle Turris wins face-off versus Maxime Macenauer in Mulligans zone.
10:49 of 2nd period - Slapshot by Mark Mancari.
10:49 of 2nd period - Shot Blocked by Matt Donovan.
10:51 of 2nd period - Snap shot by Kyle Turris.
10:51 of 2nd period - Shot Misses the Net.
10:55 of 2nd period - Snap shot by Ville Leino.
10:55 of 2nd period - Shot Blocked by Maxime Macenauer.
10:57 of 2nd period - Slapshot by Mattias Ekholm.
10:57 of 2nd period - Deflect By Ville Leino.
10:57 of 2nd period - Stopped by Calvin Pickard without a rebound.
10:58 of 2nd period - Maxime Macenauer wins face-off versus Kyle Turris in Mulligans zone.
11:09 of 2nd period - Wrist shot by Nick Bonino.
11:09 of 2nd period - Stopped by Richard Bachman without a rebound.
11:10 of 2nd period - Maxime Macenauer wins face-off versus Kyle Turris in Sewer Rats zone.
11:41 of 2nd period - Slapshot by Steven Kampfer.
11:41 of 2nd period - Stopped by Calvin Pickard with a rebound.
12:01 of 2nd period - Cody Goloubef is hit by Kyle Turris and loses puck.
12:13 of 2nd period - Penalty to Chris Neil is over, Chris Neil is back on ice.
12:31 of 2nd period - Slapshot by Eric Tangradi.
12:31 of 2nd period - Deflect By Maxime Macenauer.
12:31 of 2nd period - Shot Hit the Post.
12:31 of 2nd period - Puck is out of play.
12:32 of 2nd period - Nick Bonino wins face-off versus Jonathan Marchessault in Sewer Rats zone.
12:57 of 2nd period - Thomas Hickey is hit by Ville Leino and loses puck.
13:11 of 2nd period - Minor Penalty to Mattias Ekholm for Hooking.
13:12 of 2nd period - Ville Leino wins face-off versus Anton Lander in Sewer Rats zone.
13:38 of 2nd period - Mark Mancari is hit by Nick Bonino and loses puck.
14:13 of 2nd period - Wrist shot by Zach Boychuk.
14:13 of 2nd period - Stopped by Calvin Pickard without a rebound.
14:14 of 2nd period - Ville Leino wins face-off versus Nick Bonino in Mulligans zone.
15:11 of 2nd period - Penalty to Mattias Ekholm is over, Mattias Ekholm is back on ice.
15:41 of 2nd period - Derek Dorsett is hit by Tim Schaller and loses puck.
16:49 of 2nd period - Snap shot by Drayson Bowman.
16:49 of 2nd period - Stopped by Richard Bachman without a rebound.
16:50 of 2nd period - Zach Boychuk wins face-off versus Nick Bonino in Sewer Rats zone.
17:11 of 2nd period - Wrist shot by Drayson Bowman.
17:11 of 2nd period - Shot Misses the Net.
17:19 of 2nd period - Backhand shot by Evan Brophey.
17:19 of 2nd period - Stopped by Calvin Pickard without a rebound.
17:20 of 2nd period - Anton Lander wins face-off versus Kyle Turris in Mulligans zone.
17:33 of 2nd period - Off-side.
17:34 of 2nd period - Ville Leino wins face-off versus Maxime Macenauer in neutral zone.
18:22 of 2nd period - Drayson Bowman is hit by Vojtech Polak and loses puck.
18:45 of 2nd period - Snap shot by Kyle Turris.
18:45 of 2nd period - Stopped by Calvin Pickard with a rebound.
19:37 of 2nd period - Wrist shot by Nick Bonino.
19:37 of 2nd period - Deflect By Drayson Bowman.
19:37 of 2nd period - Stopped by Richard Bachman without a rebound.
19:38 of 2nd period - Anton Lander wins face-off versus Evan Brophey in Sewer Rats zone.
Goals for this period are 2 for Sewer Rats vs 2 for Mulligans.
Shots for this period are 18 for Sewer Rats vs 13 for Mulligans.

3rd period


0:01 of 3rd period - Kyle Turris wins face-off versus Anton Lander in neutral zone.
0:04 of 3rd period - Anton Lander is hit by Kyle Turris and loses puck.
0:27 of 3rd period - Jonathan Marchessault is hit by Maxime Macenauer.
0:36 of 3rd period - Matt Beleskey is hit by Derek Dorsett and loses puck.
0:49 of 3rd period - Wrist shot by Nick Bonino.
0:49 of 3rd period - Shot Misses the Net.
1:11 of 3rd period - Slapshot by Tim Schaller.
1:11 of 3rd period - Shot Misses the Net.
1:13 of 3rd period - Slapshot by Michael Del Zotto.
1:13 of 3rd period - Shot Blocked by Joel Edmundson.
1:15 of 3rd period - Slapshot by Matt Taormina.
1:15 of 3rd period - Stopped by Richard Bachman without a rebound.
1:16 of 3rd period - Evan Brophey wins face-off versus Anton Lander in Sewer Rats zone.
1:21 of 3rd period - Michael Del Zotto is hit by Vojtech Polak and loses puck.
1:30 of 3rd period - Snap shot by Vojtech Polak.
1:30 of 3rd period - Deflect By Matt Taormina.
1:30 of 3rd period - Shot Misses the Net.
1:30 of 3rd period - Puck is out of play.
1:31 of 3rd period - Maxime Macenauer wins face-off versus Kyle Turris in Mulligans zone.
1:31 of 3rd period - Maxime Macenauer is hit by Kyle Turris.
1:37 of 3rd period - Wrist shot by Mark Mancari.
1:37 of 3rd period - Deflect By Kyle Turris.
1:37 of 3rd period - Stopped by Calvin Pickard without a rebound.
1:38 of 3rd period - Maxime Macenauer wins face-off versus Kyle Turris in Mulligans zone.
1:50 of 3rd period - Wrist shot by Ville Leino.
1:50 of 3rd period - Stopped by Calvin Pickard with a rebound.
2:03 of 3rd period - Mattias Ekholm is hit by Maxime Macenauer and loses puck.
2:10 of 3rd period - Snap shot by Mark Mancari.
2:10 of 3rd period - Shot Blocked by Matt Donovan.
2:12 of 3rd period - Slapshot by Matt Lashoff.
2:12 of 3rd period - Deflect By Matt Donovan.
2:12 of 3rd period - Stopped by Calvin Pickard without a rebound.
2:13 of 3rd period - Jonathan Marchessault wins face-off versus Jonathan Tremblay in Mulligans zone.
2:14 of 3rd period - Slapshot by Zach Boychuk.
2:14 of 3rd period - Shot Misses the Net.
2:20 of 3rd period - Snap shot by Anton Lander.
2:20 of 3rd period - Stopped by Richard Bachman without a rebound.
2:21 of 3rd period - Anton Lander wins face-off versus Jonathan Marchessault in Sewer Rats zone.
2:51 of 3rd period - Off-side.
2:52 of 3rd period - Nick Bonino wins face-off versus Kyle Turris in neutral zone.
2:56 of 3rd period - Off-side.
2:57 of 3rd period - Ville Leino wins face-off versus Chris Neil in neutral zone.
3:00 of 3rd period - Wrist shot by Kyle Turris.
3:00 of 3rd period - Shot Misses the Net.
3:02 of 3rd period - Snap shot by Ville Leino.
3:02 of 3rd period - Stopped by Calvin Pickard with a rebound.
3:22 of 3rd period - Jonathan Marchessault is hit by Jonathan Tremblay and loses puck.
3:43 of 3rd period - Joel Edmundson is hit by Matt Niskanen and loses puck.
3:52 of 3rd period - Slapshot by Steven Kampfer.
3:52 of 3rd period - Shot Blocked by Matt Beleskey.
4:56 of 3rd period - Slapshot by Michael Del Zotto.
4:56 of 3rd period - Deflect By Logan Shaw.
4:56 of 3rd period - Stopped by Richard Bachman without a rebound.
4:57 of 3rd period - Evan Brophey wins face-off versus Tim Schaller in Sewer Rats zone.
4:57 of 3rd period - Evan Brophey is hit by Logan Shaw.
5:03 of 3rd period - Matt Taormina is hit by Dmitrij Jaskin and loses puck.
5:08 of 3rd period - Slapshot by Evan Brophey.
5:08 of 3rd period - Goal by Evan Brophey - Sewer Rats : 3 - Mulligans : 2.
5:09 of 3rd period - Nick Bonino wins face-off versus Kyle Turris in neutral zone.
5:13 of 3rd period - Matt Donovan is hit by Ville Leino and loses puck.
5:30 of 3rd period - Minor Penalty to Mattias Ekholm for Interference.
5:31 of 3rd period - Nick Bonino wins face-off versus Ville Leino in Sewer Rats zone.
6:25 of 3rd period - Slapshot by Matt Taormina.
6:25 of 3rd period - Deflect By Nick Bonino.
6:25 of 3rd period - Stopped by Richard Bachman without a rebound.
6:26 of 3rd period - Zach Boychuk wins face-off versus Nick Bonino in Sewer Rats zone.
6:35 of 3rd period - Slapshot by Nick Bonino.
6:35 of 3rd period - Goal by Nick Bonino - Sewer Rats : 3 - Mulligans : 3.
6:36 of 3rd period - Anton Lander wins face-off versus Kyle Turris in neutral zone.
6:51 of 3rd period - Slapshot by Michael Del Zotto.
6:51 of 3rd period - Shot Blocked by Ville Leino.
7:07 of 3rd period - Snap shot by Nick Bonino.
7:07 of 3rd period - Stopped by Richard Bachman without a rebound.
7:08 of 3rd period - Nick Bonino wins face-off versus Jonathan Marchessault in Sewer Rats zone.
7:33 of 3rd period - Joel Edmundson is hit by Nick Bonino and loses puck.
7:40 of 3rd period - Wrist shot by Nick Bonino.
7:40 of 3rd period - Shot Misses the Net.
7:42 of 3rd period - Wrist shot by Cody Goloubef.
7:42 of 3rd period - Stopped by Richard Bachman with a rebound.
7:44 of 3rd period - Wrist shot by Nick Bonino.
7:44 of 3rd period - Deflect By Chris Neil.
7:44 of 3rd period - Goal by Chris Neil - Sewer Rats : 3 - Mulligans : 4.
7:45 of 3rd period - Mark Mancari wins face-off versus Anton Lander in neutral zone.
8:34 of 3rd period - Wrist shot by Vojtech Polak.
8:34 of 3rd period - Stopped by Calvin Pickard with a rebound.
8:36 of 3rd period - Snap shot by Evan Brophey.
8:36 of 3rd period - Shot Misses the Net.
8:38 of 3rd period - Slapshot by Evan Brophey.
8:38 of 3rd period - Shot Blocked by Michael Del Zotto.
9:00 of 3rd period - Steven Kampfer is hit by Chris Neil and loses puck.
9:16 of 3rd period - Off-side.
9:17 of 3rd period - Tim Schaller wins face-off versus Jonathan Marchessault in neutral zone.
9:20 of 3rd period - Slapshot by Matt Donovan.
9:20 of 3rd period - Deflect By Derek Dorsett.
9:20 of 3rd period - Stopped by Richard Bachman with a rebound.
9:38 of 3rd period - Minor Penalty to Logan Shaw for Slashing.
9:39 of 3rd period - Maxime Macenauer wins face-off versus Kyle Turris in Mulligans zone.
9:52 of 3rd period - Snap shot by Maxime Macenauer.
9:52 of 3rd period - Goal by Maxime Macenauer - Sewer Rats : 3 - Mulligans : 5.
9:53 of 3rd period - Mark Mancari wins face-off versus Maxime Macenauer in neutral zone.
10:02 of 3rd period - Wrist shot by Kyle Turris.
10:02 of 3rd period - Goal by Kyle Turris - Sewer Rats : 4 - Mulligans : 5.
10:03 of 3rd period - Anton Lander wins face-off versus Kyle Turris in neutral zone.
10:28 of 3rd period - Drayson Bowman is hit by Matt Lashoff and loses puck.
10:39 of 3rd period - Snap shot by Derek Dorsett.
10:39 of 3rd period - Shot Misses the Net.
10:41 of 3rd period - Slapshot by Zach Boychuk.
10:41 of 3rd period - Shot Misses the Net.
10:50 of 3rd period - Minor Penalty to Dmitrij Jaskin for Hooking.
10:51 of 3rd period - Nick Bonino wins face-off versus Ville Leino in Sewer Rats zone.
11:22 of 3rd period - Off-side.
11:23 of 3rd period - Chris Neil wins face-off versus Zach Boychuk in neutral zone.
12:50 of 3rd period - Penalty to Dmitrij Jaskin is over, Dmitrij Jaskin is back on ice.
12:59 of 3rd period - Slapshot by Derek Dorsett.
12:59 of 3rd period - Stopped by Calvin Pickard without a rebound.
13:00 of 3rd period - Maxime Macenauer wins face-off versus Jonathan Marchessault in Mulligans zone.
13:05 of 3rd period - Zach Boychuk is hit by Joonas Donskoi and loses puck.
14:01 of 3rd period - Slapshot by Matt Niskanen.
14:01 of 3rd period - Deflect By Chris Neil.
14:01 of 3rd period - Shot Blocked by Matt Lashoff.
14:01 of 3rd period - Puck is out of play.
14:02 of 3rd period - Anton Lander wins face-off versus Kyle Turris in Sewer Rats zone.
14:14 of 3rd period - Icing by Gord Baldwin.
14:15 of 3rd period - Anton Lander wins face-off versus Ville Leino in Mulligans zone.
14:15 of 3rd period - Anton Lander is hit by Mattias Ekholm.
14:34 of 3rd period - Minor Penalty to Mark Mancari for Holding.
14:35 of 3rd period - Nick Bonino wins face-off versus Ville Leino in Sewer Rats zone.
14:35 of 3rd period - Slapshot by Michael Del Zotto.
14:35 of 3rd period - Shot Misses the Net.
14:45 of 3rd period - Wrist shot by Ville Leino.
14:45 of 3rd period - Stopped by Calvin Pickard with a rebound.
14:47 of 3rd period - Backhand shot by Mattias Ekholm.
14:47 of 3rd period - Deflect By Daniel Carr.
14:47 of 3rd period - Shot Blocked by Michael Del Zotto.
14:47 of 3rd period - Puck is out of play.
14:48 of 3rd period - Nick Bonino wins face-off versus Ville Leino in Mulligans zone.
16:34 of 3rd period - Penalty to Mark Mancari is over, Mark Mancari is back on ice.
17:00 of 3rd period - Wrist shot by Mark Mancari.
17:00 of 3rd period - Shot Misses the Net.
18:33 of 3rd period - Jonathan Tremblay is hit by Patrick Bordeleau and loses puck.
18:50 of 3rd period - Ville Leino is hit by Chris Neil and loses puck.
18:57 of 3rd period - Wrist shot by Matt Taormina.
18:57 of 3rd period - Stopped by Richard Bachman with a rebound.
18:59 of 3rd period - Slapshot by Chris Neil.
18:59 of 3rd period - Deflect By Sven Baertschi.
18:59 of 3rd period - Shot Misses the Net.
18:59 of 3rd period - Puck is out of play.
19:00 of 3rd period - Brent Sutter call a timeout for Sewer Rats.
19:00 of 3rd period - Sven Baertschi wins face-off versus Kyle Turris in Sewer Rats zone.
19:01 of 3rd period - Wrist shot by Chris Neil.
19:01 of 3rd period - Stopped by Richard Bachman without a rebound.
19:02 of 3rd period - Joonas Donskoi wins face-off versus Mark Mancari in Sewer Rats zone.
19:05 of 3rd period - Snap shot by Sven Baertschi.
19:05 of 3rd period - Stopped by Richard Bachman without a rebound.
19:06 of 3rd period - Ville Leino wins face-off versus Joonas Donskoi in Sewer Rats zone.
19:14 of 3rd period - Minor Penalty to Matt Lashoff for Holding.
19:15 of 3rd period - Nick Bonino wins face-off versus Ville Leino in Sewer Rats zone.
19:15 of 3rd period - Slapshot by Michael Del Zotto.
19:15 of 3rd period - Shot Misses the Net.
19:17 of 3rd period - Slapshot by Michael Del Zotto.
19:17 of 3rd period - Stopped by Richard Bachman without a rebound.
19:18 of 3rd period - Nick Bonino wins face-off versus Ville Leino in Sewer Rats zone.
19:53 of 3rd period - Slapshot by Eric Tangradi.
19:53 of 3rd period - Stopped by Richard Bachman with a rebound.
Goals for this period are 2 for Sewer Rats vs 3 for Mulligans.
Shots for this period are 9 for Sewer Rats vs 15 for Mulligans.